[Event "*** Titled Tuesday 3|2 Blitz"]
[Site "Chess.com"]
[Date "2015.09.01"]
[Round "7"]
[White "nightmaresknight"]
[Black "bugsbunny444"]
[Result "0-1"]
[WhiteElo "2323"]
[BlackElo "2307"]
[TimeControl "180+2"]
[EndTime "12:21:28 PDT"]
[Termination "bugsbunny444 won by checkmate"]

1. e4 e6 2. d4 d5 3. Nc3 Nf6 4.
e5 Nfd7 5. f4 c5 6. Nf3 Nc6 7.
Be3 cxd4 8. Nxd4 Bc5 9. Qd2 O-O 10. O-O-O a6 11. h4 Nxd4 12. Bxd4 b5 13. Rh3 b4 14.
Ne2 a5 15. h5 Ba6 16. Kb1 Qb6 17. h6 g6 18. Bxc5 Nxc5 19. Qe3 a4 20. Nc1 Bxf1 21. Rxf1 Rfb8 22. g4 a3 23. b3 Ne4 24. Qe1 Qd4 25. Rd3 Qb2# 0-1

[Event "*** Titled Tuesday 3|2 Blitz"]
[Site "Chess.com"]
[Date "2015.09.01"]
[Round "7"]
[White "Colombiano07"]
[Black "AnastasiaProtopopova"]
[Result "0-1"]
[WhiteElo "1964"]
[BlackElo "1817"]
[TimeControl "180+2"]
[EndTime "12:21:43 PDT"]
[Termination "AnastasiaProtopopova won by resignation"]

1. e4 e5 2. Nf3 Nc6 3. d4 exd4 4. c3 d5 5. exd5 Qxd5 6. cxd4 Bb4+ 7. Nc3 Bg4 8. Be2 Bxf3 9. Bxf3 Qc4 10. d5 O-O-O 11. Bd2 Re8+ 12. Be2 Nd4 13. Rc1 Bxc3 14. Rxc3 Rxe2+ 15.
Kf1 Qa6 16. Kg1 Nf6 17. Be3 Nf5 18. Ra3 Nxe3 19. fxe3 Qc4 20. Rc3 Qg4 21. Qf1 Rxb2 0-1

[Event "*** Titled Tuesday 3|2 Blitz"]
[Site "Chess.com"]
[Date "2015.09.01"]
[Round "7"]
[White "Moltini"]
[Black "Hafez_Bakr"]
[Result "1-0"]
[WhiteElo "2112"]
[BlackElo "1724"]
[TimeControl "180+2"]
[EndTime "12:21:57 PDT"]
[Termination "Moltini won by resignation"]

1. d4 Nf6 2. c4 e6 3. Nf3 b6 4. a3 Bb7 5. Nc3 Be7 6. g3 d5 7. Bg2 O-O 8. Nd2 c6 9. O-O Nbd7 10. e4 dxe4 11. Ndxe4 Nxe4 12. Nxe4 c5 13. d5 exd5 14. cxd5 Ne5 15. d6 Nc6 16. dxe7 Qxe7 17. Be3 Rfd8 18. Qc2 Nd4 19. Bxd4 Rxd4 20. Nc3 Bxg2 21. Kxg2 Rad8 22.
Rad1 Qb7+ 23. Kg1 Qc6 24. Rxd4 cxd4 25. Rd1 Rd7 26. Qd3 g6 27. Ne2 Qc5 28. Nxd4 a6 29. Qe3 Rd5 30. Rd2 Qc1+ 31. Kg2 Rc5 32. Nb3 1-0

[Event "*** Titled Tuesday 3|2 Blitz"]
[Site "Chess.com"]
[Date "2015.09.01"]
[Round "7"]
[White "Gabrinsky"]
[Black "Haridaskesavan"]
[Result "1-0"]
[WhiteElo "2144"]
[BlackElo "1998"]
[TimeControl "180+2"]
[EndTime "12:22:05 PDT"]
[Termination "Gabrinsky won by resignation"]

1. e4 e5 2. Nf3 Nc6 3. d4 exd4 4.
Bc4 Nf6 5. e5 d5 6. Bb5 Nd7 7.
Bxc6 bxc6 8. Nxd4 Nb8 9. O-O Be7 10. Be3 O-O 11. Nb3 Nd7 12. f4 f6 13. e6 Nb6 14.
f5 Nc4 15. Bc1 Ba6 16. Rf3 Ne5 17. Rg3 Kh8 18. Nc3 Qe8 19. Na4 g6 20. Nac5 Bc8 21. fxg6 Nxg6 22. Bh6 Rg8 23. Qg4 Bf8 24. Bxf8 Qxf8 25.
Rf1 a5 26. a4 Rb8 27. Qf5 Rb4 28. Qxf6+ Qxf6 29. Rxf6 Rf4 30. Rgxg6 Rxf6 31. Rxf6 1-0

[Event "*** Titled Tuesday 3|2 Blitz"]
[Site "Chess.com"]
[Date "2015.09.01"]
[Round "7"]
[White "myaccount88"]
[Black "rikyshi"]
[Result "0-1"]
[WhiteElo "2136"]
[BlackElo "2099"]
[TimeControl "180+2"]
[EndTime "12:23:25 PDT"]
[Termination "rikyshi won on time"]

1. e4 e6 2. d4 d5 3. Nd2 Nc6 4.
c3 Nf6 5. e5 Nd7 6. Qg4 h5 7. Qg3 Ne7 8. Bd3 c5 9. h4 cxd4 10.
cxd4 Nf5 11. Bxf5 exf5 12. Ne2 Nb6 13. O-O Be6 14. Nf4 Qd7 15. Nf3 O-O-O 16. Be3 Kb8 17. a4 Nc4 18. b3 Nxe3 19. fxe3 Be7 20. Rfb1 Rdg8 21. b4 g5 22. hxg5 h4 23. Qf2 Bxg5 0-1

[Event "*** Titled Tuesday 3|2 Blitz"]
[Site "Chess.com"]
[Date "2015.09.01"]
[Round "7"]
[White "Keaton87"]
[Black "Tirantes"]
[Result "1-0"]
[WhiteElo "2414"]
[BlackElo "2226"]
[TimeControl "180+2"]
[EndTime "12:23:30 PDT"]
[Termination "Keaton87 won by resignation"]

1. d4 Nf6 2. Nf3 e6 3. Bg5 h6 4. Bh4 g5 5. Bg3 Nh5 6. Be5 f6 7. Qd3 Kf7 8. Bg3 d6 9. e4 Nd7 10. Nbd2 Bg7 11. Be2 Nxg3 12. hxg3 b6 13. O-O-O Bb7 14.
Nh2 Ke7 15. Ng4 Qg8 16. f4 h5 17. Ne3 g4 18. Qb3 Re8 19. Bc4 c6 20. Nf5+ exf5 21.
Bxg8 Rexg8 22. exf5 Kd8 23. Rde1 Re8 24. Qf7 Rxe1+ 25.
Rxe1 Bh6 26. Qxh5 Kc7 27. Qxg4 c5 28. dxc5 Nxc5 29. Qg6 1-0

[Event "*** Titled Tuesday 3|2 Blitz"]
[Site "Chess.com"]
[Date "2015.09.01"]
[Round "7"]
[White "Tal-Baronfew"]
[Black "Danirod"]
[Result "1-0"]
[WhiteElo "2720"]
[BlackElo "2366"]
[TimeControl "180+2"]
[EndTime "12:23:57 PDT"]
[Termination "Tal-Baronfew won by resignation"]

1. d4 Nf6 2. c4 e6 3. Nc3 Bb4 4. f3 O-O 5. a3 Bxc3+ 6. bxc3 d5 7. cxd5 exd5 8. e3 Nbd7 9. Bd3 c5 10. Ne2 b6 11. O-O Re8 12. Ng3 Bb7 13. Ra2 Rc8 14.
Re2 Qc7 15. Bb2 Rcd8 16. Kh1 Nf8 17. Nf5 Ne6 18. Qe1 Qc8 19. Qh4 Ba6 20. Bxa6 Qxa6 21. Rfe1 Qd3 22. e4 Kh8 23. h3 g5 24. Qh6 Ng8 25.
Qh5 Nf6 26. Qxf7 Nh5 27. Qxh5 1-0

[Event "*** Titled Tuesday 3|2 Blitz"]
[Site "Chess.com"]
[Date "2015.09.01"]
[Round "7"]
[White "HZMC92"]
[Black "LADIESGET2KNOWME"]
[Result "1-0"]
[WhiteElo "2271"]
[BlackElo "2230"]
[TimeControl "180+2"]
[EndTime "12:24:07 PDT"]
[Termination "HZMC92 won by checkmate"]

1. d4 Nf6 2. c4 g6 3. Nc3 Bg7 4. e4 d6 5. f3 O-O 6. Be3 e5 7. d5 Nh5 8. Qd2 Qh4+ 9. Bf2 Qe7 10. Nge2 f5 11. h3 c5 12. g4 Nf4 13. Nxf4 exf4 14. Bd3 fxe4 15. Nxe4 Nd7 16. O-O-O Ne5 17. Qe2 Bd7 18.
Rde1 b5 19. cxb5 c4 20. Bc2 Bxb5 21. Qd1 Rfc8 22. Kb1 Rab8 23. Bd4 c3 24. Nxc3 Bc4 25.
Bb3 Qb7 26. Ne4 Qxd5 27. Bc3 Bxb3 28. axb3 Qxd1+ 29. Rxd1 Nxf3 30. Bxg7 Kxg7 31. Rxd6 Rxb3 32. Rd7+ Kh6 33. h4 g5 34. hxg5+ Kg6 35. Rh6# 1-0

[Event "*** Titled Tuesday 3|2 Blitz"]
[Site "Chess.com"]
[Date "2015.09.01"]
[Round "7"]
[White "ArnaudovP"]
[Black "kikydu96"]
[Result "0-1"]
[WhiteElo "2321"]
[BlackElo "2182"]
[TimeControl "180+2"]
[EndTime "12:24:23 PDT"]
[Termination "kikydu96 won by resignation"]

1. d4 d5 2. c4 c6 3. Nf3 Nf6 4. Nc3 dxc4 5. e3 b5 6. a4 b4 7. Na2 e6 8. Bxc4 Be7 9. O-O O-O 10. Qe2 a5 11. Rd1 Bb7 12. Bd2 Nbd7 13. Nc1 Qc7 14. Nb3 e5 15. dxe5 Nxe5 16. Nxe5 Qxe5 17. Be1 Bd6 18.
g3 c5 19. f3 Rfe8 20. Bf2 Rad8 21. e4 h5 22. Re1 h4 23. Rad1 hxg3 24. hxg3 Qg5 25.
Rxd6 Rxd6 26. Nxc5 Bc8 27. f4 Qh6 28. e5 Ng4 29. Be3 Rg6 30. Bd3 Qh3 31. Qg2 Rh6 32. Be4 Nxe3 33. Rxe3 Rd8 34. Qxh3 Rxh3 35. Nd3 Ba6 36.
Nf2 Rh6 37. Bd3 Bb7 38. f5 Rc6 39. Kg2 Rc2+ 40. Be4 Bxe4+ 41. Rxe4 Rdd2 42. Rf4 Rxb2 43. e6 fxe6 44. fxe6 Rxf2+ 45. Rxf2 Rxf2+ 46. Kxf2 b3 0-1

[Event "*** Titled Tuesday 3|2 Blitz"]
[Site "Chess.com"]
[Date "2015.09.01"]
[Round "7"]
[White "Bab3s"]
[Black "ilmago"]
[Result "0-1"]
[WhiteElo "2117"]
[BlackElo "1844"]
[TimeControl "180+2"]
[EndTime "12:24:52 PDT"]
[Termination "ilmago won by resignation"]

1. e4 c5 2. Nf3 d6 3. d4 cxd4 4. Nxd4 Nf6 5. Nc3 e6 6. Be2 Be7 7. O-O a6 8. Be3 O-O 9. a4 Nc6 10. Kh1 Qc7 11. f4 Re8 12. g4 e5 13. Nf5 Bxf5 14.
gxf5 exf4 15. Bxf4 Ne5 16. Rg1 Qc6 17. Bd3 Bf8 18. Qe2 Rad8 19. Rg3 Nxd3 20. cxd3 d5 21. Qg2 Nh5 22. Nxd5 Nxg3+ 23. Qxg3 Rxd5 24. exd5 Qxd5+ 25. Kg1 Bc5+ 0-1

[Event "*** Titled Tuesday 3|2 Blitz"]
[Site "Chess.com"]
[Date "2015.09.01"]
[Round "7"]
[White "HansCoolNiemann"]
[Black "jcibarra"]
[Result "1-0"]
[WhiteElo "2095"]
[BlackElo "2518"]
[TimeControl "180+2"]
[EndTime "12:24:58 PDT"]
[Termination "HansCoolNiemann won by resignation"]

1. d4 Nf6 2. c4 d6 3. Nf3 g6 4. Nc3 Bf5 5. Nh4 Bd7 6. Nf3 Bf5 7. Nh4 Bg4 8. h3 Bd7 9. Nf3 Bf5 10. Nh4 Bd7 11. Nf3 Bg7 12. e4 O-O 13. Be2 Nc6 14. d5 Nb4 15. O-O a5 16. Ne1 c6 17. a3 Na6 18. Nd3 Rc8 19. dxc6 Bxc6 20. f3 Nd7 21.
Be3 Nac5 22. Nf4 a4 23. Nfd5 Nb3 24. Rb1 Ndc5 25. Nb4 Bd7 26. Nbd5 e6 27. Nb4 Qe7 28. Qe1 f5 29. Qg3 Be5 30. Bf4 Bxf4 31. Qxf4 fxe4 32. Qe3 exf3 33. Bxf3 Qh4 34. Bg4 Rxf1+ 35. Rxf1 Rf8 36. Rxf8+ Kxf8 37. Qf4+ Ke7 38. g3 g5 39. Nbd5+ Ke8 40. Qxd6 exd5 41. gxh4 Bxg4 42. Nxd5 Kf7 43. Qe7+ 1-0

[Event "*** Titled Tuesday 3|2 Blitz"]
[Site "Chess.com"]
[Date "2015.09.01"]
[Round "7"]
[White "E-Shaposhnikov"]
[Black "PowerThinking2650"]
[Result "1-0"]
[WhiteElo "2428"]
[BlackElo "2095"]
[TimeControl "180+2"]
[EndTime "12:25:13 PDT"]
[Termination "E-Shaposhnikov won by resignation"]

1. Nf3 Nf6 2. c4 g6 3. Nc3 Bg7 4. e4 d6 5. d4 O-O 6. Be2 e5 7. O-O Nc6 8. d5 Ne7 9. b4 Nh5 10. g3 f5 11. Ng5 Nf6 12. Bf3 fxe4 13. Ncxe4 Nxe4 14. Bxe4 Nf5 15. b5 Nd4 16. Be3 h6 17. Bxg6 hxg5 18. Qh5 Nf3+ 19. Kg2 Rf6 20. Rh1 Bd7 21.
h4 Be8 22. Qh7+ Kf8 23. Bxe8 Qxe8 24. hxg5 Rf7 25. g6 Rf5 26. Bh6 Bxh6 27. Rxh6 Rg5 28. Kxf3 1-0

[Event "*** Titled Tuesday 3|2 Blitz"]
[Site "Chess.com"]
[Date "2015.09.01"]
[Round "7"]
[White "arnacman"]
[Black "SidArun"]
[Result "1-0"]
[WhiteElo "2262"]
[BlackElo "1926"]
[TimeControl "180+2"]
[EndTime "12:25:18 PDT"]
[Termination "arnacman won by resignation"]

1. e4 c6 2. d4 d5 3. Nd2 dxe4 4. Nxe4 Bf5 5. Ng3 Bg6 6. h4 h6 7. Nf3 Nd7 8. h5 Bh7 9. Bd3 Bxd3 10. Qxd3 e6 11.
Bd2 Ngf6 12. O-O-O Be7 13. Ne4 Nxe4 14. Qxe4 Nf6 15.
Qe2 Qd5 16. Kb1 Qe4 17. Be3 Ng4 18. Nd2 Qf5 19. f3 Nxe3 20. Qxe3 Bg5 21. Qb3 Qa5 22. Qxb7 O-O 23. Nb3 Qd5 24. Qa6 Rfb8 25. Qa5 Rb5 26. Qe1 a5 27. Qe4 a4 28. Qxd5 cxd5 29. Nc5 Be7 30.
Nd3 Rab8 31. c3 Kf8 32. Kc2 Ke8 33. Rb1 Rc8 34. b4 Rc4 35. Nc5 e5 36. Rhd1 Bxc5 37. dxc5 d4 38. Rd3 Ke7 39. a3 dxc3 40. Rxc3 Rh4 41.
g4 f5 42. Re1 fxg4 43. fxg4 Rxg4 44. Rxe5+ Kf6 45. Re2 Rb8 46. c6 Rc8 47. b5 1-0

[Event "*** Titled Tuesday 3|2 Blitz"]
[Site "Chess.com"]
[Date "2015.09.01"]
[Round "7"]
[White "oggy1984"]
[Black "AnthonyWirig"]
[Result "0-1"]
[WhiteElo "2418"]
[BlackElo "2535"]
[TimeControl "180+2"]
[EndTime "12:25:38 PDT"]
[Termination "AnthonyWirig won on time"]

1. d4 Nf6 2. c4 e6 3. Nc3 Bb4 4. Qc2 b6 5. e4 c5 6. e5 cxd4 7. a3 Bxc3+ 8. bxc3 Ng8 9. cxd4 Bb7 10. Ne2 Ne7 11. Nf4 Nbc6 12. Bb2 Rc8 13. Bd3 Na5 14. Nh5 Nxc4 15. Bxc4 b5 16. Nxg7+ Kf8 17. Nh5 Rxc4 18. Qd2 h6 19. O-O Nf5 20. Nf6 d6 21. d5 Ne7 22.
dxe6 d5 23. Qe2 Ng6 24. exf7 d4 25. Qh5 Nf4 0-1

[Event "*** Titled Tuesday 3|2 Blitz"]
[Site "Chess.com"]
[Date "2015.09.01"]
[Round "7"]
[White "1stSecond"]
[Black "Kempsy"]
[Result "1/2-1/2"]
[WhiteElo "2377"]
[BlackElo "2498"]
[TimeControl "180+2"]
[EndTime "12:25:39 PDT"]
[Termination "Game drawn by agreement"]

1. d4 Nf6 2. c4 g6 3. Nc3 Bg7 4. e4 d6 5. Nf3 O-O 6. h3 e5 7. d5 Nh5 8. g3 Na6 9. Nd2 Nc5 10.
b4 Nd7 11. Be2 a5 12. bxa5 Nhf6 13. Nb3 Nc5 14. Be3 Nfxe4 15. Nxe4 Nxe4 16. Bd3 Nc3 17. Qc2 e4 18. Bf1 Re8 19. Nd4 c5 20. dxc6 Qxa5 21.
Qd2 bxc6 22. Nxc6 Qa3 23. Nd4 Ba6 24. Rc1 Nxa2 25. Ra1 Bb7 26. Be2 Qb4 27. Qxb4 Nxb4 28. Kd2 Rxa1 29. Rxa1 Nc6 30. Rb1 Nxd4 31. Rxb7 Ra8 32.
Bd1 h5 33. Rd7 Nf5 34. g4 Ra2+ 35. Bc2 Nxe3 36. fxe3 hxg4 37. hxg4 Be5 38. Kd1 f5 39. gxf5 gxf5 40. c5 Ra1+ 41. Kd2 dxc5 42. Rd5 Bb2 43. Rxf5 Bc1+ 44. Ke2 Ra3 45. Rxc5 Rxe3+ 46. Kd1 Bb2 47.
Rc4 Bc3 48. Rxe4 Rxe4 49. Bxe4 Kg7 50. Kc2 Be5 1/2-1/2

[Event "*** Titled Tuesday 3|2 Blitz"]
[Site "Chess.com"]
[Date "2015.09.01"]
[Round "7"]
[White "SCIM"]
[Black "ItalianMachine"]
[Result "0-1"]
[WhiteElo "2110"]
[BlackElo "2205"]
[TimeControl "180+2"]
[EndTime "12:25:40 PDT"]
[Termination "ItalianMachine won by resignation"]

1. d4 Nf6 2. c4 g6 3. Nc3 Bg7 4. e4 d6 5. f3 O-O 6. Be3 e5 7. d5 a5 8. Bd3 a4 9. Nge2 a3 10. b4 Ne8 11. O-O f5 12. Rc1 f4 13.
Bf2 g5 14. c5 Na6 15. Qb3 g4 16. Nb5 Qg5 17. Kh1 Rf6 18. cxd6 g3 19. hxg3 Rh6+ 20. Kg1 Qh5 21. Ba7 fxg3 22. Nxg3 Qh2+ 23. Kf2 Rg6 24. Ne2 Rxg2+ 25. Ke1 Nxd6 26. Bf2 Qh3 27. Nxd6 cxd6 28. Bxa6 bxa6 29. Rc7 Bd7 30. f4 Qg4 31. Rxd7 Qxd7 32. f5 Rc8 33. Qf3 Rxf2 34. Kxf2 Bf6 35. Rg1+ Kf8 36.
Qh5 Qf7 37. Qxf7+ Kxf7 38. Rg3 Bh4 0-1

[Event "*** Titled Tuesday 3|2 Blitz"]
[Site "Chess.com"]
[Date "2015.09.01"]
[Round "7"]
[White "MMSANCHEZ"]
[Black "stepanosinovsky"]
[Result "0-1"]
[WhiteElo "2289"]
[BlackElo "2293"]
[TimeControl "180+2"]
[EndTime "12:25:41 PDT"]
[Termination "stepanosinovsky won by checkmate"]

1. d4 b6 2. Nf3 e6 3. e4 Bb7 4. Bd3 Ne7 5. O-O d5 6. Qe2 Nbc6 7. c3 Qd7 8. a4 a5 9. e5 f6 10. exf6 gxf6 11. Re1 Kf7 12. Nh4 h5 13. Qf3 Bg7 14. Qg3 Rag8 15. Ng6 Nxg6 16. Bxg6+ Kf8 17. Qh3 Bc8 18.
f4 f5 19. b3 Nxd4 20. Ba3+ c5 21. Ra2 Bf6 22. Bxh5 Nc6 23. Qf3 Qh7 24. Qf2 Qxh5 25. Bxc5+ Kf7 26. Bd4 Qxh2+ 27. Kf1 Ba6+ 28. c4 dxc4 29.
Bxf6 cxb3+ 30. Rae2 Kxf6 31. Qe3 Qxg2# 0-1

[Event "*** Titled Tuesday 3|2 Blitz"]
[Site "Chess.com"]
[Date "2015.09.01"]
[Round "7"]
[White "Mornar1951"]
[Black "Yaacovn"]
[Result "1-0"]
[WhiteElo "2497"]
[BlackElo "2598"]
[TimeControl "180+2"]
[EndTime "12:25:47 PDT"]
[Termination "Mornar1951 won by resignation"]

1. Nf3 b6 2. g3 Bb7 3. Bg2 g6 4.
d4 Bg7 5. O-O Nf6 6. c4 O-O 7.
d5 e6 8. Nc3 exd5 9. cxd5 Na6 10. e4 Nc5 11. Re1 d6 12. Nd4 a5 13. h3 Re8 14. Bf4 Ba6 15. Nc6 Qc8 16. e5 dxe5 17.
Rxe5 Rxe5 18. Bxe5 Qd7 19. d6 cxd6 20. Qxd6 Re8 21.
Rd1 Qxd6 22. Rxd6 Nh5 23. Bxg7 Nxg7 24. Nd4 Rb8 25. Nd5 Nf5 26. Nxf5 gxf5 27. Rxb6 Rxb6 28.
Nxb6 Kf8 29. Bf1 Bxf1 30. Kxf1 Nd3 31. Nc4 a4 32. a3 Ke7 33. Ke2 Nc5 34. Kd2 Ke6 35.
Ke3 Kd5 36. Nd2 Ke5 37. f3 h5 38. h4 Kd5 39. Kf4 Kd4 40. Kxf5 Kd3 41. Ne4 Ne6 42. Nc3 Nc5 43. Kg5 Kc2 44. Kxh5 Kxb2 45. Nxa4+ Nxa4 46. Kg5 Nc5 47. h5 Ne6+ 48. Kf6 Kxa3 49. h6 Nf8 50. Kxf7 Nh7 51. Kg7 Ng5 1-0

[Event "*** Titled Tuesday 3|2 Blitz"]
[Site "Chess.com"]
[Date "2015.09.01"]
[Round "7"]
[White "Mazetovic"]
[Black "amazingoid"]
[Result "1-0"]
[WhiteElo "2400"]
[BlackElo "2280"]
[TimeControl "180+2"]
[EndTime "12:25:54 PDT"]
[Termination "Mazetovic won on time"]

1. e4 c5 2. Nf3 Nc6 3. Bb5 g6 4. O-O Bg7 5. c3 Nf6 6. Qe2 O-O 7. Rd1 d5 8. e5 Ne8 9. d4 cxd4 10.
cxd4 Nc7 11. Ba4 Bf5 12. Nc3 Rc8 13. h3 a6 14. g4 Be6 15. Bf4 b5 16. Bc2 Na5 17.
Ng5 Nc4 18. Rab1 Qd7 19. Bd3 Na8 20. Nxe6 fxe6 21. Bg3 Nab6 22. Rbc1 b4 23. Nb1 a5 24. b3 Na3 25. Nxa3 bxa3 26. h4 Rxc1 27. Rxc1 Rc8 28. Rc5 Rxc5 29. dxc5 Nc8 30. h5 Qc7 31. hxg6 hxg6 32. Qc2 Na7 33. Bxg6 Nc6 34. f4 Nd4 35.
Qf2 Qxc5 36. Kg2 Qc3 37. f5 Qb2 38. Kh3 Nxb3 39. Qb6 Nd4 40. Qd8+ Bf8 41. Qe8 1-0

[Event "*** Titled Tuesday 3|2 Blitz"]
[Site "Chess.com"]
[Date "2015.09.01"]
[Round "7"]
[White "alexsuper1987"]
[Black "AndrewMcStone"]
[Result "1-0"]
[WhiteElo "2142"]
[BlackElo "1922"]
[TimeControl "180+2"]
[EndTime "12:26:00 PDT"]
[Termination "alexsuper1987 won by resignation"]

1. e4 e6 2. d4 d5 3. Nc3 Nc6 4. Nf3 Nf6 5. Bg5 Be7 6. e5 Ne4 7. Bxe7 Qxe7 8. Bd3 Qb4 9. O-O Nxc3 10. bxc3 Qxc3 11. Rb1 Qa3 12. Ng5 Qe7 13. Qh5 g6 14. Qh6 Qf8 15. Qh4 h6 16. Nh3 Qe7 17. Qg4 b6 18. c4 dxc4 19. Bxc4 Bb7 20. d5 Nxe5 21. Bb5+ c6 22. dxc6 Bxc6 23. Bxc6+ Nxc6 24. Qe4 Qb7 25. Rbc1 Rc8 26. Nf4 O-O 27. Nxg6 fxg6 28. Qxg6+ Kh8 29. Qxh6+ Qh7 30. Qxe6 Qf7 31. Qh6+ Qh7 32. Rxc6 Rxc6 33. Qxc6 1-0

[Event "*** Titled Tuesday 3|2 Blitz"]
[Site "Chess.com"]
[Date "2015.09.01"]
[Round "7"]
[White "PauloCesarCosta"]
[Black "Badouuu"]
[Result "0-1"]
[WhiteElo "2012"]
[BlackElo "1869"]
[TimeControl "180+2"]
[EndTime "12:26:00 PDT"]
[Termination "Badouuu won on time"]

1. Nf3 Nf6 2. c4 Nc6 3. d4 e6 4.
Bg5 Bb4+ 5. Nbd2 h6 6. Bxf6 Qxf6 7. e3 d6 8. a3 Bxd2+ 9. Qxd2 O-O 10. Be2 e5 11.
dxe5 dxe5 12. O-O Rd8 13. Qc3 Bg4 14. h3 Bh5 15. g4 Bg6 16. Rfd1 Qe7 17. b4 e4 18. Nd4 Ne5 19. c5 Qh4 20. Nf5 Qf6 21. Nd4 Nf3+ 22. Bxf3 exf3 23. Rac1 Be4 24. Nf5 Qg5 25. Ng3 Qh4 26. Kh2 Bc6 27. Rf1 Bb5 28. Nf5 Qg5 29. Rfd1 h5 0-1

[Event "*** Titled Tuesday 3|2 Blitz"]
[Site "Chess.com"]
[Date "2015.09.01"]
[Round "7"]
[White "fumeynoel"]
[Black "alturas_pacificas"]
[Result "0-1"]
[WhiteElo "1587"]
[BlackElo "2002"]
[TimeControl "180+2"]
[EndTime "12:26:01 PDT"]
[Termination "alturas_pacificas won on time"]

1. e4 c6 2. Nf3 d5 3. exd5 cxd5 4. d4 Nc6 5. Bf4 Nf6 6. c3 Bf5 7. Bd3 Bg6 8. O-O e6 9. h3 Bd6 10. Bxd6 Qxd6 11. Re1 O-O 12. Ne5 a6 13. Na3 b5 14.
Nxc6 Qxc6 15. Nc2 a5 16. Qe2 Bxd3 17. Qxd3 Qc4 18. Qe2 Rab8 19. Na3 Qxe2 20. Rxe2 b4 21. cxb4 Rxb4 22. Nc2 Rxb2 23. Kf1 Rc8 24. Ne3 Rxe2 25. Kxe2 Ne4 26. f3 Nd6 27. Rb1 g6 28. Rb6 Nc4 29.
Ra6 Nxe3 30. Kxe3 Rc2 31. Rxa5 Rxg2 32. a4 Rh2 33. Kf4 Rxh3 34. Ra7 Rh1 35. a5 Ra1 36. a6 Kg7 37. Ke5 h5 38. Ra8 h4 39.
Kf4 Ra4 40. Ke3 h3 41. Kf2 Rxd4 42. a7 Ra4 43. Kg3 Kf6 44. Kxh3 d4 45. Kg3 g5 46.
Rd8 Rxa7 47. Rxd4 Ra3 48. Kg4 Kg6 49. Re4 f5+ 0-1

[Event "*** Titled Tuesday 3|2 Blitz"]
[Site "Chess.com"]
[Date "2015.09.01"]
[Round "7"]
[White "dretch"]
[Black "Boryboy"]
[Result "0-1"]
[WhiteElo "2596"]
[BlackElo "2513"]
[TimeControl "180+2"]
[EndTime "12:26:25 PDT"]
[Termination "Boryboy won on time"]

1. d4 e6 2. c4 d5 3. Nc3 Nf6 4. cxd5 exd5 5. Bg5 c6 6. e3 Be7 7. Bd3 Nbd7 8. Nge2 h6 9. Bh4 Ne4 10. Bxe7 Qxe7 11.
O-O Ndf6 12. Rb1 a5 13. Na4 O-O 14. Nb6 Ra7 15. Nxc8 Rxc8 16. Rc1 Re8 17. Nc3 Nxc3 18. bxc3 Ne4 19. c4 Raa8 20. cxd5 cxd5 21. Qc2 h5 22. Qc7 Qa3 23. Bxe4 dxe4 24. Rc2 b5 25. d5 Red8 26. Rd1 Qd6 27. h4 b4 28. Rd4 Qf6 29.
d6 Qxh4 30. d7 Qe7 31. Rc5 a4 32. Re5 Qf8 33. Rdxe4 b3 34. axb3 axb3 35. Rxh5 b2 36.
Reh4 b1=Q+ 37. Kh2 g5 38. Rh8+ Kg7 39. Rxf8 Rxf8 40. Qe5+ Kg6 0-1

[Event "*** Titled Tuesday 3|2 Blitz"]
[Site "Chess.com"]
[Date "2015.09.01"]
[Round "7"]
[White "Storne89"]
[Black "manubibi"]
[Result "1-0"]
[WhiteElo "2491"]
[BlackElo "2423"]
[TimeControl "180+2"]
[EndTime "12:26:36 PDT"]
[Termination "Storne89 won by resignation"]

1. e4 c5 2. Nf3 d6 3. d4 cxd4 4. Nxd4 Nf6 5. Nc3 a6 6. h3 e6 7.
g4 d5 8. Nde2 Bb4 9. a3 Ba5 10.
b4 Bb6 11. exd5 exd5 12. g5 Ne4 13. Nxe4 dxe4 14. Qxd8+ Bxd8 15. Bg2 O-O 16. Bxe4 Re8 17. Bg2 Nc6 18. Bxc6 bxc6 19. Be3 a5 20. Kd2 Be6 21. h4 Bd5 22. Rhe1 Be7 23. c3 Bd6 24. Nf4 Bc4 25. Nd3 Re4 26. Bc5 Bf4+ 27. Kc2 Rae8 28. Rxe4 Rxe4 29.
Nxf4 Rxf4 30. Rd1 h5 31. gxh6 axb4 32. cxb4 gxh6 33. Rg1+ Kh7 34. Kc3 Be6 35. Bd4 f6 36. h5 Rf3+ 37. Kd2 Rf5 38. a4 Bf7 39. Rc1 Bxh5 40. Rxc6 Bf3 41. Rxf6 Rxf6 42. Bxf6 Kg6 43. Bd8 Kf5 44. Kc3 Ke6 45. b5 h5 46. a5 Kd7 47. Bh4 Kc7 48. Kb4 Kb7 49. Bg5 Kc7 50. a6 Kc8 51. b6 1-0

[Event "*** Titled Tuesday 3|2 Blitz"]
[Site "Chess.com"]
[Date "2015.09.01"]
[Round "7"]
[White "Fh2411"]
[Black "Tesla37"]
[Result "0-1"]
[WhiteElo "2205"]
[BlackElo "2540"]
[TimeControl "180+2"]
[EndTime "12:26:40 PDT"]
[Termination "Tesla37 won by resignation"]

1. e4 c5 2. Nf3 e6 3. c3 Nf6 4. e5 Nd5 5. d4 cxd4 6. cxd4 d6 7.
Bc4 Bd7 8. O-O Bc6 9. Bd2 Nd7 10. Nc3 N5b6 11. Bb3 dxe5 12. Nxe5 Nxe5 13. dxe5 Qd4 14.
Qe2 Be7 15. Rad1 Qh4 16. Be3 Qb4 17. Rd4 Qa5 18. Bd2 Qc5 19. Rg4 g6 20. Bh6 O-O-O 21. Na4 Qb5 22. Qc2 Kb8 23. Be3 Rc8 24. Nxb6 axb6 25.
Rc4 Bd5 26. Rxc8+ Rxc8 27. Qd1 Bc6 28. Qd4 Bc5 29. Qf4 Bxe3 30. Qxe3 Rd8 31. h3 Ka7 32.
Rc1 h5 33. Qf4 Rd7 34. Rc4 Qa5 35. Rd4 Qe1+ 36. Kh2 g5 37. Qe3 Qf1 38. f3 Rxd4 39.
Qxd4 Qe1 40. a4 h4 41. Bc2 Qg3+ 42. Kh1 Bxf3 43. gxf3 Qxh3+ 44. Kg1 Qg3+ 45. Kf1 Qxf3+ 46. Qf2 Qd5 47. Qe2 Qh1+ 48. Kf2 h3 49. Be4 Qh2+ 50.
Ke1 Qxe5 51. a5 Qxa5+ 52. Kf1 f5 53. Kg1 fxe4 54. Qxe4 Qa1+ 55. Kh2 Qxb2+ 56. Kxh3 Qb3+ 57. Kg4 b5 58. Kxg5 Qd5+ 0-1

[Event "*** Titled Tuesday 3|2 Blitz"]
[Site "Chess.com"]
[Date "2015.09.01"]
[Round "7"]
[White "AlexanderL"]
[Black "tac49"]
[Result "1-0"]
[WhiteElo "2516"]
[BlackElo "2426"]
[TimeControl "180+2"]
[EndTime "12:26:43 PDT"]
[Termination "AlexanderL won by resignation"]

1. d4 Nf6 2. c4 g6 3. Nc3 Bg7 4. e4 d6 5. Nf3 O-O 6. Be2 e5 7. O-O Nbd7 8. Be3 Re8 9. d5 Nh5 10. g3 Bf6 11. h4 Ng7 12. g4 Be7 13. Bh6 Nf6 14. Nh2 Kh8 15. Be3 Ng8 16. g5 f5 17. f3 f4 18. Bf2 Nh5 19. Ng4 h6 20. Kg2 hxg5 21. hxg5 Bxg5 22. Rh1 Kg7 23. c5 Ngf6 24. Nxf6 Qxf6 25. Nb5 Qe7 26. Rc1 Ng3 27. Bxg3 fxg3 28. cxd6 cxd6 29. Nc7 Bd7 30. Nxa8 Rxa8 31. Rc7 Rc8 32. Rxc8 Bxc8 33. Qc2 Bd7 34. a4 Be3 35. Bb5 Bxb5 36. axb5 Bb6 37. Qd2 Qc7 38. Qh6+ Kf6 39. Qh8+ Qg7 40. Rh7 Qxh8 41. Rxh8 Bd4 42. b3 Bf2 43.
Rh7 Kg5 44. Rxb7 Kf4 45. Rf7+ Ke3 46. Rg7 Kd4 47. Rxg6 Kc5 48. Kf1 Bd4 49. Rxg3 Kxb5 50. Rg8 Kb4 51. Rb8+ Bb6 52. f4 exf4 53. e5 dxe5 54.
Rxb6+ 1-0

[Event "*** Titled Tuesday 3|2 Blitz"]
[Site "Chess.com"]
[Date "2015.09.01"]
[Round "7"]
[White "pKiLz5Rn9b"]
[Black "lukas_111111"]
[Result "1-0"]
[WhiteElo "2417"]
[BlackElo "2217"]
[TimeControl "180+2"]
[EndTime "12:26:54 PDT"]
[Termination "pKiLz5Rn9b won on time"]

1. e4 c5 2. c3 e6 3. d4 d5 4. exd5 exd5 5. Nf3 a6 6. Bd3 c4 7. Bc2 Nf6 8. O-O Be7 9. b3 b5 10. a4 Bb7 11. Ba3 O-O 12. Re1 Bxa3 13. Nxa3 Bc6 14.
Ne5 Be8 15. Nb1 Nc6 16. Nd2 Nxe5 17. dxe5 Nd7 18. Nf3 Nc5 19. Nd4 cxb3 20. Bxb3 Nxb3 21. Qxb3 bxa4 22. Qb4 Rb8 23. Qd6 Qxd6 24. exd6 Rb6 25. Nf5 g6 26. Ne7+ Kg7 27. Nxd5 Rxd6 28. Ne3 Bc6 29. c4 Rb8 30. Rec1 Rd2 31. c5 Rbb2 32. Nc4 Rxf2 33. Nxb2 Rxg2+ 34. Kf1 Rxb2 35. Rd1 Rxh2 36. Kg1 Rh5 37. Rac1 a3 38. Kf2 Rh2+ 39. Ke3 a2 40. Rd6 Rc2 41. Rdd1 Rb2 42. Kd4 h5 43. Ke5 Bf3 44.
Re1 Rd2 45. c6 Rd5+ 46. Kf4 Rf5+ 47. Kg3 h4+ 48. Kxh4 Rb5 49. c7 Bb7 50. Kg3 Ra5 51. Ra1 f5 52. Re2 Kf6 53. Raxa2 Rxa2 54. Rxa2 Ke6 55. Rd2 1-0